 Dungeon Crawl Stone Soup version 0.26-a0-958-gf3041fb45f (webtiles) character file.

Game seed: 13693598416256260355

32 1994 the Cudgeller (level 3, -4/33 HPs)
             Began as a Minotaur Chaos Knight on Nov 30, 2020.
             Was a Plaything of Xom.
             Killed from afar by a rime drake (shapeshifter) (24 damage)
             ... with a flash freeze
             ... on level 2 of the Dungeon.
             The game lasted 00:01:47 (1345 turns).

1994 the Cudgeller (Minotaur Chaos Knight)          Turns: 1345, Time: 00:01:48

Health: -4/33      AC:  6    Str: 17      XL:     3   Next: 8%
Magic:  2/2        EV: 11    Int:  8 (9)  God:    Xom [*.....]
Gold:   68         SH:  0    Dex:  9      Spells: 2/2 levels left

rFire    . . .     SeeInvis .   a - +0 mace (chaos)
rCold    . . .     Faith    .   (no shield)
rNeg     . . .     Spirit   .   b - +2 leather armour
rPois    .         Reflect  .   n - +1 hat
rElec    .         Harm     .   (no cloak)
rCorr    .         Rampage  .   (no gloves)
MR       .....                  (no boots)
Stlth    +.........             (no amulet)
HPRegen  0.11/turn              (no ring)
MPRegen  0.08/turn              (no ring)

@: no status effects
A: retaliatory headbutt, horns 2
a: Renounce Religion


You were on level 2 of the Dungeon.
You worshipped Xom.
You were a special plaything of Xom.
You visited 1 branch of the dungeon, and saw 2 of its levels.

You collected 68 gold pieces.

Inventory:

Hand Weapons
 a - a +0 mace of chaos (weapon)
 h - a +0 hunting sling
 k - a +2 vorpal hand axe
Missiles
 c - 73 stones (quivered)
 g - 38 bolts
 i - 2 curare-tipped darts
 l - 15 arrows
Armour
 b - a +2 leather armour (worn)
 n - a +1 hat (worn)
Scrolls
 d - 3 scrolls of fear {unknown}
Potions
 e - a potion of attraction {unknown}
 f - 2 potions of curing {unknown}
 j - a potion of brilliance {unknown}
 m - a potion of degeneration {unknown}


   Skills:
 + Level 4.0 Fighting
 * Level 4.2 Maces & Flails
 + Level 3.0 Armour
 + Level 1.7 Dodging


You had 2 spell levels left.
You didn't know any spells.
Your spell library was empty.

Dungeon Overview and Level Annotations

Branches:
Dungeon (2/15)

Altars:


Innate Abilities, Weirdness & Mutations

You reflexively headbutt those who attack you in melee.
You have a pair of horns on your head.


Message History

A frilled lizard and a goblin come into view.
The frilled lizard hisses angrily.
The goblin shouts!
Found a quarterstaff.
You hear Xom's avuncular chuckle.
The hobgoblin changes into a shapeshifter!
The shapeshifter changes into a rime drake!
The rime drake breathes ice at you. The flash freeze hits you!
You are encased in ice.
The ice encasing you melts away. The goblin hits you but does no damage.
A bat comes into view.
A rat comes into view.
There is an escape hatch in the ceiling here.
The bat barely misses you. The rime drake breathes ice at you.
The flash freeze hits you!!
Ouch! That really hurt!
You die...
Xom guffaws!

..... .... ###.....
..... #.....r .....
##.....#+#####....
..............###
##..#..<...†....#
.........#....###
###.........#..#
#..@g.(##.#.#.##
#.#bk.......#.#####
#.#.#g..#.).......#
#......l#.....####
###.#........#....#
#.#..####.)###.#.
#.#..# #....# #
..#... ...#....
###.## ..##.....


You could see a rime drake shaped shifter (catching breath), a hobgoblin, a
goblin, a bat, a frilled lizard and a rat.

Vanquished Creatures
  An ooze (D:1)
  A dart slug (D:1)
  3 giant cockroaches (D:1)
  5 goblins (D:1)
  4 hobgoblins
  2 kobolds
  A bat (D:1)
  3 frilled lizards (D:1)
  5 rats (D:1)
25 creatures vanquished.

Notes
Turn   | Place    | Note
-------+----------+-------------------------------------------
     0 | D:1      | 1994 the Minotaur Chaos Knight began the quest for the Orb.
     0 | D:1      | Reached XP level 1. HP: 19/19 MP: 0/0
   130 | D:1      | Reached XP level 2. HP: 27/27 MP: 1/1
   479 | D:1      | XOM: silly message
   966 | D:1      | XOM: silly message
  1113 | D:1      | Reached XP level 3. HP: 33/33 MP: 2/2
  1152 | D:1      | XOM: stat loss: -1 Int (8/9)
  1336 | D:2      | Noticed a shapeshifter
  1336 | D:2      | a hobgoblin changed into a shapeshifter
  1336 | D:2      | XOM: polymorph hobgoblin -> shapeshifter
  1336 | D:2      | Noticed a rime drake
  1336 | D:2      | a shapeshifter changed into a rime drake
  1345 | D:2      | Killed from afar by a rime drake (shapeshifter)

Illustrated notes

Levels and vault maps discovered:
D:1:      ncdulo_wetmaze, layout_basic
D:2:      layout_basic, cheibriados_altar_1, bh_walls_and_bars, uniq_terence

Skill      XL: |  1  2  3 |
---------------+----------+-----
Maces & Flails | 4 |  4.2
Fighting       | 4 |  4.0
Armour         | 3 |  3.0
Dodging        | |  1.7

Action                   || total
-------------------------++-------
Melee: Mace              ||    55
       Headbutt          ||     3
Armor: Leather armour    ||    18
Dodge: Dodged            ||    26

Table legend: (Time is in decaauts)
 A = Elapsed time spent in this place.
 B = Non-inter-level travel time spent in this place.
 C = Inter-level travel time spent in this place.
 D = Time resting spent in this place.
 E = Time spent auto-exploring this place.
 F = Levels seen in this place.
 G = Mean time per level.
                   A        B        C        D        E       F      G
               +--------+--------+--------+--------+--------+-----+--------+
         Total |   1365 |   1136 |    229 |    175 |    758 |   2 |  682.5 |
       Dungeon |   1365 |   1136 |    229 |    175 |    758 |   2 |  682.5 |
               +--------+--------+--------+--------+--------+-----+--------+

Top non-repeatable levels by time:
     D:1: 1334 daAuts
     D:2: 30 daAuts
